 Dungeon Crawl Stone Soup version 0.27.1-2-g3b301248ec (webtiles) character file.

Game seed: 5513803968406047276

787 Eitelfritz the Spear-Bearer (level 7, 0/44 (53) HPs)
             Began as a Merfolk Gladiator on Oct 1, 2021.
             Was a Follower of Okawaru.
             Slain by a wight (9 damage)
             ... on level 5 of the Dungeon.
             The game lasted 00:14:11 (4809 turns).

Eitelfritz the Spear-Bearer (Merfolk Gladiator)     Turns: 4809, Time: 00:14:11

HP:   0/44 (53)     AC:  7    Str: 15      XL:     7   Next: 87%
MP:   7/7           EV: 12    Int:  7 (9)  God:    Okawaru [*.....]
Gold: 150           SH:  0    Dex: 12 (15) Spells: 6/6 levels left

rFire    . . .     SeeInvis .   a - +0 trident (vamp)
rCold    . . .     Faith    .   (no shield)
rNeg     . . .     Spirit   .   n - +0 ring mail
rPois    .         Reflect  .   c - +1 helmet
rElec    .         Harm     .   (no cloak)
rCorr    .         Rampage  .   (no gloves)
Will     .....                  (no boots)
Stlth    +.........             (no amulet)
HPRegen  0.14/turn              g - ring of flight
MPRegen  0.10/turn              (no ring)

@: flying, heavily drained
A: (nimble swimmer 2), mertail
a: Renounce Religion, Heroism


You were on level 5 of the Dungeon.
You worshipped Okawaru.
Okawaru was aware of your devotion.
You visited 2 branches of the dungeon, and saw 6 of its levels.

You collected 150 gold pieces.

Inventory:

Hand Weapons
 a - a +0 vampiric trident (weapon)
 u - a +3 scimitar
Missiles
 d - 3 throwing nets
 h - 3 boomerangs
 s - 7 javelins (quivered)
Armour
 c - a +1 helmet (worn)
 n - a +0 ring mail (worn)
Jewellery
 g - a ring of flight (left hand)
Scrolls
 i - 2 scrolls of identify
 j - 3 scrolls of teleportation
 l - a scroll of summoning {unknown}
 o - a scroll of amnesia {unknown}
 t - a scroll of acquirement {unknown}
Potions
 k - a potion of cancellation
 p - a potion of flight {unknown}
 q - a potion of magic {unknown}
 r - a potion of brilliance {unknown}


   Skills:
 + Level 3.8 Fighting
 + Level 9.1 Polearms
 + Level 2.4 Throwing
 + Level 2.6 Armour
 + Level 5.1 Dodging
 + Level 1.7 Stealth
 * Level 2.1 Evocations


You had 6 spell levels left.
You didn't know any spells.
Your spell library contained the following spells:

 Spells                   Type           Power      Damage    Failure   Level
 Passwall                 Tmut/Erth      0%         N/A       80%         2
 Ozocubu's Armour         Ice            0%         N/A       95%         3
 Portal Projectile        Hex/Tloc       0%         N/A       95%         3
 Swiftness                Air            0%         N/A       95%         3
 Blade Hands              Tmut           0%         N/A       100%        5
 Excruciating Wounds      Necr           0%         N/A       100%        5
 Metabolic Englaciation   Hex/Ice        0%         N/A       100%        5
 Invisibility             Hex            0%         N/A       100%        6
 Simulacrum               Ice/Necr       0%         N/A       100%        6


Dungeon Overview and Level Annotations

Branches:
Dungeon (5/15)             Temple (1/1) D:4

Altars:
Ashenzari
Cheibriados
Elyvilon
Fedhas
Gozag
Hepliaklqana
Kikubaaqudgha
Makhleb
Nemelex Xobeh
Okawaru
Qazlal
Ru
Sif Muna
Trog
Uskayaw
Vehumet
Wu Jian
Xom
Yredelemnul
Zin
The Shining One


Innate Abilities, Weirdness & Mutations

((You are quick and stealthy near water. (Stealth+, EV+, Speed+++)))
Your lower body shifts to a powerful aquatic tail in water.


Message History

You hit the wight but do no damage.
The wight is lightly damaged.
The wight hits you but does no damage.
You hit the wight.
The wight is heavily damaged.
The wight barely misses you. The wight hits you with a +0 spear!
You hit the wight.
The wight is severely damaged.
The wight misses you. The wight hits you with a +0 spear!
You feel drained.
You hit the wight but do no damage.
The wight is severely damaged.
The wight closely misses you.
You closely miss the wight.
The wight is severely damaged.
The wight closely misses you. The wight hits you with a +0 war axe.
You feel drained.
You hit the wight but do no damage.
The wight is severely damaged.
The wight misses you.
You hit the wight.
The wight is almost destroyed.
The wight closely misses you. The wight barely misses you.
You hit the wight but do no damage.
The wight is almost destroyed.
The wight misses you. The wight hits you with a +0 spear!
* * * LOW HITPOINT WARNING * * *
You hit the wight.
You destroy the wight!
Okawaru accepts your kill. The wight hits you with a +0 war axe.
* * * LOW HITPOINT WARNING * * *
You feel your strength returning. The wight hits you but does no damage.
Things that are here:
a +0 spear; a +0 robe You closely miss the wight.
The wight barely misses you.
You puncture the wight!
The wight is heavily damaged.
The wight hits you with a +0 war axe!
You die...

..> ##....$ #...#.###
#..### ... #... ...... .
#.. #.. ....# #.## #.#
#.# .....## .....
#.###.####.....##
......##.##............#
.......@............# ..
#......z.......<...###..
................<.......
......................##
###....................#
###............#......
##>......###.#......
#........###.....>..
#.....##...##.......#


You could see a wight.

Vanquished Creatures
  Sigmund (D:3)
  Menkaure (D:5)
  A scorpion (D:4)
  4 wights
  2 hounds (D:4)
  A jelly (D:5)
  An orc priest (D:4)
  2 iguanas (D:4)
  An orc wizard (D:4)
  An adder (D:3)
  An adder skeleton (D:4)
  2 worms
  3 dart slugs
  3 orcs
  3 bats
  7 endoplasms
  A giant cockroach (D:1)
  7 goblins
  6 hobgoblins
  2 jackals (D:1)
  8 kobolds
  4 quokkas
  9 ball pythons
  4 frilled lizards
  3 rats
78 creatures vanquished.

Vanquished Creatures (others)
  A human (D:4)
1 creature vanquished.

Grand Total: 79 creatures vanquished

Notes
Turn   | Place    | Note
-------+----------+-------------------------------------------
     0 | D:1      | Eitelfritz the Merfolk Gladiator began the quest for the
                  | Orb.
     0 | D:1      | Reached XP level 1. HP: 16/16 MP: 1/1
    80 | D:1      | Reached XP level 2. HP: 12/22 MP: 2/2
   415 | D:1      | Reached skill level 5 in Polearms
   505 | D:1      | Reached XP level 3. HP: 28/28 MP: 3/3
   554 | D:1      | Found a faded altar of an unknown god.
  1049 | D:2      | Found a stormy altar of Qazlal.
  1363 | D:2      | Found a basalt altar of Yredelemnul.
  2020 | D:3      | Reached XP level 4. HP: 34/34 MP: 4/4
  2234 | D:3      | Noticed Sigmund
  2244 | D:3      | Killed Sigmund
  2245 | D:3      | Reached skill level 7 in Polearms
  2245 | D:3      | Reached skill level 1 in Armour
  2245 | D:3      | Reached XP level 5. HP: 16/41 MP: 5/5
  2245 | D:3      | Reached XP level 6. HP: 18/47 MP: 6/6
  2578 | D:4      | Reached skill level 1 in Stealth
  2956 | D:4      | Found a large runed translucent door.
  2957 | D:4      | Found a large runed translucent door.
  2996 | D:4      | Reached skill level 8 in Polearms
  3314 | D:4      | Reached XP level 7. HP: 52/52 MP: 7/7
  3410 | D:4      | Reached skill level 1 in Evocations
  3511 | D:4      | Found an ancient bone altar of Kikubaaqudgha.
  3514 | D:4      | Noticed a human
  3516 | D:4      | Killed a human
  3524 | D:4      | Found a staircase to the Ecumenical Temple.
  3847 | D:4      | Found a broken altar of Ashenzari.
  3858 | D:4      | Found a glowing silver altar of Zin.
  3905 | Temple   | Entered the Ecumenical Temple
  4145 | Temple   | Became a worshipper of Warmaster Okawaru
  4218 | D:5      | Entered Level 5 of the Dungeon
  4236 | D:5      | Noticed Menkaure
  4486 | D:4      | Reached skill level 5 in Dodging
  4557 | D:5      | Killed Menkaure
  4557 | D:5      | Reached * piety under Okawaru
  4558 | D:5      | Reached skill level 9 in Polearms
  4809 | D:5      | Slain by a wight

Illustrated notes

Levels and vault maps discovered:
D:1:      dpeg_arrival_more_subterranean_lakeside_camping, layout_basic,
          hellmonk_ecumenical_altar_heavens_door
D:2:      layout_loops_ring, basic_altar, kennysheep_flooded_box
D:3:      layout_basic, minmay_stone_trees_small, st_stairs_8,
          serial_bayou_pond_d, uniq_sigmund
D:4:      layout_gridville, tgw_kikubaaqudgha, jmf_multi_god_temple2,
          minmay_temple_entry_glassed_door, supply_closet_lemuel,
          chequers_mini_garden
D:5:      layout_cave_pools, grunt_dithmenos_shadows, uniq_menkaure,
          uniq_blork_the_orc
Temple:   dpeg_five_rooms_temple

Skill      XL: |  1  2  3  4  5  6  7 |
---------------+----------------------+-----
Polearms       | 5 7 8 9 |  9.1
Fighting       | 3 |  3.8
Armour         | 1 2 |  2.6
Stealth        | 1 |  1.7
Evocations     | 2 |  2.1
Dodging        | 5 |  5.1
Throwing       | |  2.4

Action                   |  1- 3 |  4- 6 |  7- 9 || total
-------------------------+-------+-------+-------++-------
Melee: Trident           |   136 |    70 |    91 ||   297
Throw: Javelin           |       |    11 |       ||    11
  Use: Scroll            |       |       |     4 ||     4
       Potion            |       |       |     3 ||     3
 Stab: Sleeping          |     3 |       |     2 ||     5
Armor: Leather armour    |    21 |       |       ||    21
       Ring mail         |     8 |    18 |    12 ||    38
Dodge: Dodged            |    63 |    27 |    61 ||   151
